Map: Ulrena

Players

PyroCultiste

  • Race: Terran Terran
  • League: Silver
  • Spawn Location: 11:00

zidar - Winner!

  • Race: Zerg Zerg
  • League: Silver
  • Spawn Location: 7:00

VOD

Have the link to the VOD?

Description

Time

  • Played on: Jan. 12, 2016, 2:27 p.m.
  • Length: 6:38
Show
View Real Time Build Order
Export as new Build Order

PyroCultiste Terran 

Build Orders:  

Get SALT Encoding   

  12  0:01  SCV  
  13  0:13  SCV  
  14  0:19  Supply Depot  
  14  0:25  SCV  
  15  0:40  SCV  
  15  0:42  Barracks  
  16  0:52  SCV  
  17  0:58  Refinery  
  17  1:04  SCV  
  17  1:07  Supply Depot  
  18  1:18  Barracks  
  18  1:26  SCV  
  18  1:29  Refinery  
  19  1:39  Barracks  
  19  1:43  SCV  
  20  1:49  Reaper  
  21  1:55  SCV  
  22  2:06  Reaper  
  22  2:08  SCV  
  24  2:20  SCV  
  24  2:21  Reaper  
  26  2:26  Reaper  
  27  2:35  Factory  
  27  2:50  Reaper  
  28  2:58  Reaper  
  23  3:59  Barracks Tech Lab  
  23  4:01  Barracks Reactor  
  23  4:02  Barracks Reactor  
  23  4:03  Command Center  
  23  4:06  Factory Reactor  
  23  4:13  Engineering Bay  
  23  4:15  SCV  
  24  4:17  Engineering Bay  
  24  4:25  Starport  
  25  4:40  Orbital Command  
  25  4:42  Bunker  
  24  4:46  Hellion  
  24  4:47  Hellion  
  28  5:06  Supply Depot  
  28  5:11  Hellion  
  28  5:13  Bunker  
  30  5:15  Hellion, Starport Tech Lab  
  32  5:26  Planetary Fortress  
  31  5:32  Supply Depot  
  26  5:46  Marine x3, Marauder  
  26  5:49  Marine  
  31  6:04  Marine  
  31  6:07  Marine  
Show
View Real Time Build Order
Export as new Build Order

zidar Zerg - Winner!

Build Orders: Pool First 

Get SALT Encoding   

  12  0:08  Drone x2  
  14  0:17  Overlord  
  14  0:22  Extractor  
  14  0:23  Drone  
  15  0:39  Spawning Pool  
  15  0:42  Drone  
  15  0:46  Drone  
  16  0:51  Drone  
  17  1:14  Hatchery  
  17  1:15  Drone  
  17  1:21  Extractor, Drone  
  17  1:31  Queen  
  19  1:38  Overlord  
  19  1:44  Drone  
  20  1:54  Drone  
  21  2:08  Zergling x2  
  22  2:17  Zergling x2  
  23  2:26  Zergling x2  
  24  2:33  Zergling x4  
  26  2:47  Metabolic Boost  
  25  2:54  Queen  
  25  2:56  Roach Warren  
  26  3:12  Extractor  
  21  3:42  Roach x6  
  21  3:43  Roach  
  35  4:02  Overlord x3  
  35  4:04  Overlord  
  35  4:34  Ravager x2  
  37  4:42  Ravager  
  38  5:02  Roach  
  38  5:03  Roach x2  
  44  5:15  Ravager  
Tags
 
Matchup
TvZ
Opening
Pool First
Spawn Locations
Close Positions
Add a new tag
Caveats
  • Supply blocks, unpowered buildings, or Contaminate may cause inaccurate times.
  • Supply counts are checked every 10 seconds.